 Dungeon Crawl Stone Soup version 0.20.1-1-g8b1a95d (webtiles) character file.

124 zultag the Grave Robber (level 5, 0/39 HPs)
             Began as a Ghoul Necromancer on Sept 15, 2017.
             Slain by a hound (3 damage)
             ... on level 3 of the Dungeon on Sept 17, 2017.
             The game lasted 01:20:50 (4304 turns).

zultag the Grave Robber (Ghoul Necromancer)         Turns: 4304, Time: 01:20:50

Health: 0/39       AC:  4    Str: 12    XL:     5   Next: 8%
Magic:  2/8        EV: 12    Int: 14    God:
Gold:   164        SH:  0    Dex: 12    Spells: 1/9 levels left

rFire    . . .     SeeInvis .   I - +0 blowgun
rCold    + . .     Gourm    .   (no shield)
rNeg     + + +     Faith    .   w - +0 leather armour
rPois    ∞         Spirit   .   (no helmet)
rElec    .         Reflect  .   h - +0 cloak
rCorr    .         Harm     .   (no gloves)
MR       .....                  (no boots)
Stlth    ++........             (no amulet)
Regen    0.0/turn               n - +3 ring of intelligence
MPRegen  0.2/turn               C - +3 ring of dexterity

@: very slightly contaminated, rotting
A: rotting body, claws 1, carnivore 3, cold resistance 1, negative energy
resistance 3, inhibited regeneration, torment resistance, unbreathing
a: no special abilities


You were on level 3 of the Dungeon.
You were hungry.

You visited 1 branch of the dungeon, and saw 4 of its levels.

You collected 164 gold pieces.

Inventory:

Hand Weapons
 e - a +0 club
 j - a +3 dagger
 k - a +0 mace
 l - a +0 club
 p - a +0 hand axe
 r - a +0 falchion
 I - a +0 blowgun (weapon)
Missiles
 f - 71 stones
 i - 4 curare-tipped needles (quivered)
 o - 5 bolts
 J - 20 poisoned needles
Armour
 a - a +0 robe
 h - a +0 cloak (worn)
 s - a +0 robe
 w - a +0 leather armour (worn)
Jewellery
 n - a +3 ring of intelligence (left claw)
 C - a +3 ring of dexterity (right claw)
 F - an uncursed ring of protection from magic {unknown}
Wands
 y - a wand of confusion (24/48)
Scrolls
 m - a scroll of immolation {unknown}
 t - 3 scrolls of recharging
 u - 2 scrolls of remove curse
 x - a scroll of teleportation {unknown}
 A - a scroll of enchant armour {unknown}
 B - a scroll of random uselessness {unknown}
 D - a scroll of noise {unknown}
 G - a scroll of identify
Potions
 g - a potion of agility {unknown}
 v - a potion of might {unknown}
 z - a potion of heal wounds {unknown}
 E - a potion of mutation {unknown}
Books
 b - a book of Necromancy

   Spells                             Type                      Level
   a - Pain                           Necromancy                   1
   b - Animate Skeleton               Necromancy                   1
   c - Vampiric Draining              Necromancy                   3
   d - Regeneration                   Charms/Necromancy            3
   e - Animate Dead                   Necromancy                   4
   f - Control Undead                 Necromancy                   4
Comestibles
 c - 3 meat rations
 q - 3 bread rations


   Skills:
 + Level 0.7 Fighting
 + Level 0.5 Short Blades
 + Level 0.3 Maces & Flails
 + Level 0.1 Throwing
 + Level 0.1 Armour
 + Level 2.1 Dodging
 + Level 2.4 Stealth
 + Level 0.7 Unarmed Combat
 + Level 2.8 Spellcasting
 + Level 4.8 Necromancy


You had one spell level left.
You knew the following spells:

 Your Spells              Type           Power        Failure   Level  Hunger
a - Pain                  Necr           ###.         3%          1    #......
b - Animate Skeleton      Necr           N/A          3%          1    #......
c - Vampiric Draining     Necr           ###.......   12%         3    ###....
d - Regeneration          Chrm/Necr      #.........   30%         3    ###....


Dungeon Overview and Level Annotations

Branches:
Dungeon (4/15)
 Temple: D:4-7

Altars:

Annotations:
D:4 Menkaure


Innate Abilities, Weirdness & Mutations

Your body is rotting away.
You thrive on raw meat.
You are immune to poison.
You have sharp fingernails.
You are carnivorous and can eat meat at any time.
Your flesh is cold resistant. (rC+)
You are immune to negative energy. (rN+++)
You do not regenerate when monsters are visible.
You are immune to unholy pain and torment.
You can survive without breathing.


Message History

[Y]es or [N]o only, please.
Really attack while wielding your +0 blowgun? [Y]es or [N]o only, please.
Really attack while wielding your +0 blowgun?
Okay, then.
The hound barely misses you.
There is a stone staircase leading down here.
The hound bites you.
* * * LOW HITPOINT WARNING * * *
The hound closely misses you. The hound bites you but does no damage.
The hound bites you.
* * * LOW HITPOINT WARNING * * *
Aiming: Confuse (will waste charges)
Press: ? - help, Shift-Dir - straight line, f/p - hound
Aim: a hound (severely wounded, chance to defeat MR: 54%)
The hound appears confused.
Evoking this partially-identified wand wasted a few charges.
The hound bites you.
You die...

......# #.####...####.# #....
##.##.# #.####........# ####.
#.###.# #.............# ###.
.###..# #######...##########...
###...###### #...# #......##
..##.......# #...# #.####.#.
........##.######...#####........
#.##..#.##.#..............#......
##.............h@..†.....<.......
#.###.#..##.#.#.#................
.. #.#..#..........#####.##.##.#
#.. ......#.#>#.#...# #.......#
#######............# ####.##..
#### #..#.#.#.#...# #.##.# ...#
#............#### ...#.#
##.#####.##.#.#.#......## ......
.........####......##...## ...#.#


You could see a hound (confused).

Vanquished Creatures
  4 adders
  4 worms
  3 dart slugs
  4 leopard geckos
  A ball python (D:3)
  8 bats
  5 giant cockroaches
  5 goblins
  5 hobgoblins
  4 jackals (D:4)
  7 kobolds
  6 frilled lizards
  A quokka skeleton (D:4)
  3 rats (D:1)
60 creatures vanquished.

Vanquished Creatures (collateral kills)
  2 worms (D:3)
  A bat (D:3)
  3 goblins
  A hobgoblin (D:3)
  A quokka (D:2)
  A ball python zombie (D:3)
  A rat (D:2)
10 creatures vanquished.

Grand Total: 70 creatures vanquished

Notes
Turn   | Place    | Note
-------+----------+-------------------------------------------
     0 | D:1      | zultag the Ghoul Necromancer began the quest for the Orb.
     0 | D:1      | Reached XP level 1. HP: 14/14 MP: 2/2
    64 | D:1      | Learned a level 1 spell: Animate Skeleton
   304 | D:1      | Reached XP level 2. HP: 11/20 MP: 3/3
   986 | D:1      | Reached XP level 3. HP: 26/26 MP: 3/5
   991 | D:1      | Learned a level 3 spell: Vampiric Draining
  2343 | D:2      | Reached XP level 4. HP: 29/33 MP: 0/6
  2363 | D:2      | Learned a level 3 spell: Regeneration
  4057 | D:3      | Reached XP level 5. HP: 34/34 MP: 8/8
  4185 | D:4      | Noticed Menkaure
  4304 | D:3      | Slain by a hound

Skill      XL: |  1  2 |
---------------+-------+-----
Spellcasting   | 2 |  2.8
Dodging        | 2 |  2.1
Fighting       | |  0.7
Short Blades   | |  0.5
Maces & Flails | |  0.3
Throwing       | |  0.1
Armour         | |  0.1
Stealth        | |  2.4
Unarmed Combat | |  0.7
Necromancy     | |  4.8

Action                   |  1- 3 |  4- 6 || total
-------------------------+-------+-------++-------
Melee: Unarmed           |    32 |       ||    32
       Club              |    23 |       ||    23
       Dagger            |    14 |    61 ||    75
       Mace              |    10 |       ||    10
 Fire: Blowgun           |       |     6 ||     6
Throw: Stone             |     1 |     2 ||     3
 Cast: Animate Skeleton  |    13 |     9 ||    22
       Pain              |    56 |    47 ||   103
       Vampiric Draining |     2 |       ||     2
       Regeneration      |       |    11 ||    11
Evoke: Wand              |       |     5 ||     5
  Use: Scroll            |     2 |     3 ||     5
       Potion            |       |     4 ||     4
 Stab: Sleeping          |     1 |       ||     1
       Distracted        |       |     1 ||     1
  Eat: Chunk             |    12 |     1 ||    13
       Meat ration       |       |     1 ||     1
Armor: Robe              |    24 |     1 ||    25
       Leather armour    |       |    17 ||    17
Dodge: Dodged            |    55 |    54 ||   109
